 Dungeon Crawl Stone Soup version 0.26.1-2-gb8aa6d0cf2 (webtiles) character file.

Game seed: 4830126522883716490

409 FishyPogo the Skirmisher (level 6, -2/51 HPs)
             Began as a Demonspawn Gladiator on Feb 22, 2021.
             Was an Initiate of Makhleb.
             Slain by a gnoll sergeant
             ... wielding a +0 trident
              (5 damage)
             ... in the Ecumenical Temple.
             The game lasted 00:08:43 (3361 turns).

FishyPogo the Skirmisher (Demonspawn Gladiator)     Turns: 3361, Time: 00:08:43

Health: -2/51      AC:  7    Str: 15    XL:     6   Next: 58%
Magic:  6/6        EV: 14    Int: 21    God:    Makhleb [......]
Gold:   207        SH:  0    Dex: 16    Spells: 5/5 levels left

rFire    . . .     SeeInvis .   a - +1 quarterstaff
rCold    . . .     Faith    .   (shield currently unavailable)
rNeg     . . .     Spirit   .   b - +1 leather armour
rPois    .         Reflect  .   c - +0 helmet
rElec    .         Harm     .   (no cloak)
rCorr    .         Rampage  .   (no gloves)
Will     .....                  (no boots)
Stlth    +.........             (no amulet)
HPRegen  0.17/turn              m - +6 ring of intelligence
MPRegen  0.10/turn              u - +6 ring of intelligence

@: no status effects
A: talons 1, molten scales 1, powered by death 1
a: Renounce Religion


You were in the Ecumenical Temple.
You worshipped Makhleb.
Makhleb was noncommittal.
You visited 2 branches of the dungeon, and saw 6 of its levels.

You collected 207 gold pieces.

Inventory:

Hand Weapons
 a - a +1 quarterstaff (weapon)
Missiles
 d - 2 throwing nets
 f - 87 stones (quivered)
 o - 52 sling bullets
Armour
 b - a +1 leather armour (worn)
 c - a +0 helmet (worn)
Jewellery
 m - a +6 ring of intelligence (left hand)
 r - an uncursed ring of attention
 u - a +6 ring of intelligence (right hand)
 w - an uncursed ring of magical power
Wands
 t - a wand of acid (12)
 v - a wand of polymorph (10)
Scrolls
 g - 3 scrolls of remove curse
 j - a scroll of magic mapping
 k - a scroll of teleportation
 s - a scroll of enchant armour
 x - a scroll of fog {unknown}
Potions
 e - a potion of attraction {unknown}
 h - a potion of degeneration {unknown}
 i - 4 potions of curing {unknown}
 l - 2 potions of flight {unknown}
 n - a potion of magic {unknown}
 p - 2 potions of brilliance
 q - 2 potions of cancellation {unknown}


   Skills:
 * Level 5.2 Fighting
 + Level 4.0 Staves
 - Level 2.0 Throwing
 + Level 4.1 Dodging


You had 5 spell levels left.
You didn't know any spells.
Your spell library was empty.

Dungeon Overview and Level Annotations

Branches:
Dungeon (5/15)             Temple (1/1) D:5

Altars:
Ashenzari
Dithmenos
Fedhas
Gozag
Hepliaklqana
Makhleb
Okawaru
Ru
Sif Muna
Yredelemnul


Innate Abilities, Weirdness & Mutations

You have sharp toenails.
You are partially covered in molten scales. (AC +2)
You regenerate a little health from kills.


Message History

* * * LOW HITPOINT WARNING * * *
You sock the gnoll sergeant!
You claw the gnoll sergeant, but do no damage.
The gnoll sergeant is moderately wounded.
The gnoll sergeant hits you with a +0 trident.
* * * LOW HITPOINT WARNING * * *
You hit the gnoll sergeant but do no damage.
Your kick misses the gnoll sergeant.
The gnoll sergeant is moderately wounded.
The gnoll sergeant hits you with a +0 trident!
* * * LOW HITPOINT WARNING * * *
You completely miss the gnoll sergeant. Your kick misses the gnoll sergeant.
The gnoll sergeant is moderately wounded.
The gnoll sergeant hits you with a +0 trident.
* * * LOW HITPOINT WARNING * * *
You closely miss the gnoll sergeant.
You claw the gnoll sergeant, but do no damage.
The gnoll sergeant is moderately wounded.
The gnoll sergeant hits you with a +0 trident.
You die...

.................§§
......._...........§
....................§
................_..§§
.....................
..._......._.........
......)..............
......g@†............
............[........
._..........†_.......
............[........
......._.............
.....................
..................._.
.....................
..._......._.........


You could see a gnoll sergeant.

Vanquished Creatures
  An ogre (D:4)
  A scorpion (D:4)
  A hound (Temple)
  A bullfrog skeleton (D:5)
  2 worker ants
  A hound skeleton (D:4)
  2 gnolls (Temple)
  4 adders
  An ooze (D:1)
  2 worms
  2 dart slugs
  2 leopard geckos
  14 orcs
  2 ball pythons
  4 bats
  4 giant cockroaches
  6 goblins
  6 hobgoblins
  3 jackals (D:1)
  2 quokkas
  6 frilled lizards
  A jackal skeleton (D:4)
  6 kobolds
  6 rats (D:1)
80 creatures vanquished.

Vanquished Creatures (others)
  9 plants (D:2)
9 creatures vanquished.

Grand Total: 89 creatures vanquished

Notes
Turn   | Place    | Note
-------+----------+-------------------------------------------
     0 | D:1      | FishyPogo the Demonspawn Gladiator began the quest for the
                  | Orb.
     0 | D:1      | Reached XP level 1. HP: 16/16 MP: 1/1
   181 | D:1      | Gained mutation: You regenerate a little health from kills.
                  | [demonic ancestry]
   181 | D:1      | Reached XP level 2. HP: 22/22 MP: 2/2
   779 | D:1      | Gained mutation: You are partially covered in molten
                  | scales. (AC +2) [demonic ancestry]
   779 | D:1      | Reached XP level 3. HP: 28/28 MP: 3/3
   925 | D:2      | Reached skill level 3 in Fighting
  1729 | D:3      | Gained mutation: You have sharp toenails. [demonic
                  | ancestry]
  1729 | D:3      | Reached XP level 4. HP: 35/35 MP: 4/4
  2583 | D:4      | Reached XP level 5. HP: 42/42 MP: 5/5
  2604 | D:4      | Reached skill level 4 in Fighting
  2654 | D:4      | Noticed an ogre
  2666 | D:4      | Killed an ogre
  2725 | D:4      | Reached XP level 6. HP: 40/49 MP: 6/6
  3129 | D:5      | Entered Level 5 of the Dungeon
  3147 | D:5      | Found a staircase to the Ecumenical Temple.
  3159 | Temple   | Entered the Ecumenical Temple
  3167 | Temple   | Became a worshipper of Makhleb the Destroyer
  3336 | Temple   | Reached skill level 5 in Fighting
  3360 | Temple   | HP: 2/51 [gnoll sergeant/+0 trident (4)]
  3361 | Temple   | Slain by a gnoll sergeant

Illustrated notes

Levels and vault maps discovered:
D:1:      erik_arrival_cave_to_civilisation [erik_arrival_cave_to_temple],
          layout_rooms, chequers_mini_garden, kennysheep_decorative_pillar,
          dk_noncrumbling_3
D:2:      layout_rooms, serial_forest, infiniplex_forest_lined_2,
          infiniplex_forest_straight_4, infiniplex_forest_straight_2,
          infiniplex_forest_lined_ring, infiniplex_forest_clump_long,
          infiniplex_forest_lined_room_3, infiniplex_forest_clump_small,
          infiniplex_forest_split, infiniplex_forest_clump_tiny,
          infiniplex_forest_end_3, serial_bayou_ford_a
D:3:      layout_basic, item_on_display_a
D:4:      layout_rooms, kennysheep_small_spiral
D:5:      layout_loops_corners, minmay_temple_entry_glass, minmay_holes
Temple:   compressed_dpeg_triangle_lava_temple

Skill      XL: |  1  2  3  4  5  6 |
---------------+-------------------+-----
Throwing       | 2 |  2.0
Staves         | 3 4 |  4.0
Dodging        | 3 4 |  4.1
Fighting       | 3 4 5 |  5.2

Action                   |  1- 3 |  4- 6 || total
-------------------------+-------+-------++-------
Melee: Quarterstaff      |   136 |   118 ||   254
       Kick              |       |    36 ||    36
Throw: Stone             |       |    15 ||    15
       Throwing net      |       |     1 ||     1
  Use: Scroll            |       |     7 ||     7
 Stab: Sleeping          |     4 |       ||     4
Armor: Leather armour    |    34 |    61 ||    95
Dodge: Dodged            |    72 |   125 ||   197
